AoeStats
← Charlson

Arena

510523940Analyzed
1v1 RM · 20h ago on Oct 1, 2026· 40m 21s· 2 players
Game mode
Random Map
Map size
Tiny (2 player)
Population
200
Speed
Normal
Resources
Standard
Victory
Conquest
Starting age
Dark Age
Ending age
Imperial Age
RankedLock teamsTeams togetherTeam positionsShared explorationLock speedFull tech treeHidden civsTurbo modeCheats
Victory
Defeat
🇨🇳 Khmer · China
900
+15
🇦🇺 Mongols · Australia
875
-15
joelhorsley22
9:33 Loom
12:25 Feudal Age
14:31 Double-Bit Axe
14:47 Stone Mining
17:16 Castle Age
15:18 Gold Mining
15:22 Horse Collar
19:36 Bow Saw
20:49 Gold Shaft Mining
21:05 Heavy Plow
23:58 Wheelbarrow
24:45 Stone Shaft Mining
27:15 Hand Cart
26:48 Town Watch
27:59 Fletching
28:09 Padded Archer Armor
31:26 Imperial Age
31:38 Imperial Age
29:38 Bloodlines
29:29 Husbandry
30:36 Bodkin Arrow
30:56 Leather Archer Armor
30:47 Scale Barding Armor
31:11 Light Cavalry
32:23 Bracer
33:13 Conscription
33:48 Elite Mangudai
35:03 Ballistics
36:14 Chemistry
36:11 Forging
36:21 Chain Barding Armor
38:04 Iron Casting
36:52 Hussar
Charlson
12:50 Feudal Age
15:31 Castle Age
14:52 Double-Bit Axe
14:48 Horse Collar
15:00 Gold Mining
15:00 Stone Mining
25:32 Bow Saw
26:06 Wheelbarrow
33:22 Imperial Age
30:55 Heavy Plow
32:50 Scale Barding Armor
32:56 Forging
33:09 Ballistics
32:54 Scale Mail Armor
33:30 Tusk Swords
33:44 Bloodlines
33:35 Husbandry
32:56 Light Cavalry
34:31 Double Crossbow
35:02 Chain Barding Armor
35:28 Crop Rotation
36:20 Heavy Scorpion
37:34 Elite Ballista Elephant
39:07 Conscription
Connection lost

Rejoining the realm…

Still unreachable

The connection could not be restored.

Session expired

The server has moved on; the page needs a fresh start.